PBL
NEW JERSEY DEVILS @ COLUMBUS REDS
09/13/2047
 
TOP OF THE 1ST
New Jersey Devils batting - Pitching for Columbus Reds : RHP David Alferez
Pitching: RHP David Alferez
Batting: LHB Randolph Brodbeck 0-0: Called Strike
0-1: Foul Ball, location: 2F
0-2: SINGLE (Groundball, 6D, EV 102.5 MPH)
Batting: RHB Eric Zylstra 0-0: Called Strike
0-1: Ball
1-1: Foul Ball, location: 2F
1-2: Reached on error, E4 (Groundball, 4, EV 81.2 MPH)
Randolph Brodbeck to second
Batting: SHB Tyler Maddux 0-0: Called Strike
0-1: Ball
1-1: Called Strike
1-2: Foul Ball, location: 2F
1-2: SINGLE (Groundball, 25, EV 68.8 MPH) (infield hit)
Randolph Brodbeck to third
Eric Zylstra to second
Batting: RHB Bill Crogan 0-0: Foul Ball, location: 2F
0-1: Foul Ball, location: 2F
0-2: Strikes out swinging
Batting: LHB Lupe Garcia 0-0: Ball
1-0: Fly out, F8 (Flyball, 78M, EV 91.2 MPH)
Batting: RHB Sergio Andrada 0-0: SINGLE (Groundball, 5S, EV 73.1 MPH) (infield hit)
Randolph Brodbeck scores
Eric Zylstra to third
Tyler Maddux to second
Batting: SHB Ernesto Mazas 0-0: Fly out, F7 (Flyball, 7, EV 92.5 MPH)
Top of the 1st over - 1 run, 3 hits, 1 error, 3 left on base; New Jersey 1 - Columbus 0
BOTTOM OF THE 1ST
Columbus Reds batting - Pitching for New Jersey Devils : RHP Dan Mathews
Pitching: RHP Dan Mathews
Batting: RHB Ernie Maldonado 0-0: SINGLE (Flyball, 6MD, EV 85.0 MPH) - OUT at second base trying to stretch hit.
Batting: SHB Cesar Pelayo 0-0: Foul Ball, location: 2F
0-1: Foul Ball, location: 2F
0-2: Ball
1-2: Ball
2-2: Fly out, F8 (Flyball, 8RM, EV 84.4 MPH)
Batting: RHB Randy Grewe 0-0: Foul Ball, location: 2F
0-1: Ball
1-1: Foul Ball, location: 2F
1-2: Foul Ball, location: 2F
1-2: Ball
2-2: Ball
3-2: Foul Ball, location: 2F
3-2: Fly out, F4 (Flyball, 34D, EV 90.6 MPH)
Bottom of the 1st over - 0 runs, 1 hit, 0 errors, 0 left on base; New Jersey 1 - Columbus 0
TOP OF THE 2ND
New Jersey Devils batting - Pitching for Columbus Reds : RHP David Alferez
Batting: RHB Craig Alvarado 0-0: Called Strike
0-1: Called Strike
0-2: Ball
1-2: Foul Ball, location: 2F
1-2: Ball
2-2: Ball
3-2: Foul Ball, location: 2F
3-2: Foul Ball, location: 2F
3-2: Base on Balls
Batting: RHB Oscar Ramirez 0-0: Ball
1-0: Ball
2-0: Swinging Strike
2-1: 2-RUN HOME RUN (Flyball, 7D, EV 98.8 MPH), Distance : 385 ft
Batting: LHB Randolph Brodbeck 0-0: Ball
1-0: Foul Ball, location: 2F
1-1: DOUBLE (Groundball, 5L, EV 101.9 MPH)
Batting: RHB Eric Zylstra 0-0: Ball
1-0: Called Strike
1-1: Ball
2-1: SINGLE (Flyball, 8LM, EV 96.2 MPH)
Randolph Brodbeck to third
Batting: SHB Tyler Maddux 0-0: Ball
1-0: Ball
2-0: Foul Ball, location: 2F
2-1: Fielders Choice at 2nd, 4-6 (Groundball, 4D, EV 98.1 MPH)
Randolph Brodbeck scores
Batting: RHB Bill Crogan 0-0: Fly out, F6 (Popup, 6MD, EV 51.9 MPH)
Batting: LHB Lupe Garcia 0-0: Ball
Tyler Maddux steals 2nd, throwing error, E2
Tyler Maddux to third
1-0: Ball
2-0: Called Strike
2-1: SINGLE (Groundball, 4, EV 106.9 MPH)
Tyler Maddux scores
Batting: RHB Sergio Andrada 0-0: Called Strike
0-1: Ball
1-1: Fly out, F4 (Popup, 4, EV 50.6 MPH)
Top of the 2nd over - 4 runs, 4 hits, 1 error, 1 left on base; New Jersey 5 - Columbus 0
BOTTOM OF THE 2ND
Columbus Reds batting - Pitching for New Jersey Devils : RHP Dan Mathews
Batting: RHB Alex Juarez 0-0: Ball
1-0: Swinging Strike
1-1: Ground out 4-3 (Groundball, 4, EV 82.5 MPH)
Batting: RHB Aaron Barraza 0-0: Ball
1-0: Ball
2-0: Ball
3-0: Called Strike
3-1: Foul Ball, location: 2F
3-2: Foul Ball, location: 2F
3-2: Foul Ball, location: 2F
3-2: Base on Balls
Batting: RHB Ed Santibanez 0-0: Fielders Choice at 2nd, 6-4 (Groundball, 6, EV 80.0 MPH)
Batting: LHB Mike Becerra 0-0: Ball
1-0: Foul Ball, location: 2F
1-1: Swinging Strike
1-2: Foul Ball, location: 2F
1-2: Strikes out swinging
Bottom of the 2nd over - 0 runs, 0 hits, 0 errors, 1 left on base; New Jersey 5 - Columbus 0
TOP OF THE 3RD
New Jersey Devils batting - Pitching for Columbus Reds : RHP David Alferez
Pitching: LHP Joe McLaughlin
Batting: SHB Ernesto Mazas 0-0: Foul Ball, location: 2F
0-1: Foul Ball, location: 2F
0-2: Ball
1-2: Foul Ball, location: 2F
1-2: Foul Ball, location: 2F
1-2: Foul Ball, location: 2F
1-2: Ball
2-2: Foul Ball, location: 2F
2-2: Ball
3-2: Base on Balls
Batting: RHB Craig Alvarado 0-0: Foul Ball, location: 2F
0-1: Called Strike
0-2: Strikes out swinging
Batting: RHB Oscar Ramirez 0-0: Ball
Ernesto Mazas is caught stealing 2nd base 2-4
1-0: Swinging Strike
1-1: Foul Ball, location: 2F
1-2: Ball
2-2: Foul Ball, location: 2F
2-2: Strikes out swinging
Top of the 3rd over - 0 runs, 0 hits, 0 errors, 0 left on base; New Jersey 5 - Columbus 0
BOTTOM OF THE 3RD
Columbus Reds batting - Pitching for New Jersey Devils : RHP Dan Mathews
Batting: RHB Oscar Chapa 0-0: Ball
1-0: Foul Ball, location: 2F
1-1: Ball
2-1: Ground out 6-3 (Groundball, 6, EV 105.0 MPH)
Batting: RHB Cornholdo Schwerin 0-0: Ball
1-0: Called Strike
1-1: Ball
2-1: Fly out, F9 (Line Drive, 9LM, EV 93.1 MPH)
Batting: RHB Ernie Maldonado 0-0: Ball
1-0: Swinging Strike
1-1: Swinging Strike
1-2: Ground out 6-3 (Groundball, 6S, EV 86.9 MPH)
Bottom of the 3rd over - 0 runs, 0 hits, 0 errors, 0 left on base; New Jersey 5 - Columbus 0
TOP OF THE 4TH
New Jersey Devils batting - Pitching for Columbus Reds : LHP Joe McLaughlin
Batting: LHB Randolph Brodbeck 0-0: Ball
1-0: SINGLE (Line Drive, 9LS, EV 108.1 MPH)
Batting: RHB Eric Zylstra 0-0: Ball
1-0: Called Strike
1-1: Ball
2-1: Ball
3-1: Base on Balls
Randolph Brodbeck to second
Batting: SHB Tyler Maddux 0-0: Ball
1-0: Ball
2-0: Ball
3-0: Called Strike
3-1: Base on Balls
Randolph Brodbeck to third
Eric Zylstra to second
Batting: RHB Bill Crogan 0-0: Called Strike
0-1: Ball
1-1: Ball
2-1: Fly out, F7 (Flyball, 78M, EV 82.5 MPH)
Runner from 3rd tags up, SCORES, no throw by LF
Batting: LHB Lupe Garcia 0-0: Called Strike
0-1: Ball
Wild Pitch!
Eric Zylstra to third
Tyler Maddux to second
1-1: Ball
2-1: Swinging Strike
2-2: Strikes out swinging
Batting: RHB Sergio Andrada 0-0: Called Strike
0-1: Ball
1-1: Swinging Strike
1-2: Foul Ball, location: 2F
1-2: Foul Ball, location: 2F
1-2: Foul Ball, location: 2F
1-2: Ball
2-2: Strikes out swinging
Top of the 4th over - 1 run, 1 hit, 0 errors, 2 left on base; New Jersey 6 - Columbus 0
BOTTOM OF THE 4TH
Columbus Reds batting - Pitching for New Jersey Devils : RHP Dan Mathews
Batting: SHB Cesar Pelayo 0-0: Ball
1-0: Ball
2-0: Ball
3-0: Base on Balls
Batting: RHB Randy Grewe 0-0: Fly out, F8 (Line Drive, 8RM, EV 93.8 MPH)
Batting: RHB Alex Juarez 0-0: Foul Ball, location: 2F
0-1: Called Strike
0-2: Ball
1-2: Ball
2-2: Foul Ball, location: 2F
2-2: Ball
3-2: SINGLE (Groundball, 6M, EV 99.4 MPH)
Cesar Pelayo to second
Batting: RHB Aaron Barraza 0-0: Called Strike
0-1: Called Strike
0-2: Ball
1-2: Foul Ball, location: 2F
1-2: Ball
2-2: Ball
3-2: Base on Balls
Cesar Pelayo to third
Alex Juarez to second
Batting: RHB Ed Santibanez 0-0: Ball
1-0: Called Strike
1-1: Foul Ball, location: 2F
1-2: Ball
2-2: Strikes out swinging
Batting: LHB Mike Becerra 0-0: Ball
1-0: Ball
2-0: Fly out, F9 (Flyball, 89M, EV 96.9 MPH)
Bottom of the 4th over - 0 runs, 1 hit, 0 errors, 3 left on base; New Jersey 6 - Columbus 0
TOP OF THE 5TH
New Jersey Devils batting - Pitching for Columbus Reds : LHP Joe McLaughlin
Batting: SHB Ernesto Mazas 0-0: SOLO HOME RUN (Flyball, 7D, EV 105.6 MPH), Distance : 404 ft
Pitching: RHP Toyohiro Nakagawa
Batting: RHB Craig Alvarado 0-0: Ball
1-0: Called Strike
1-1: Foul Ball, location: 2F
1-2: Ball
2-2: Strikes out swinging
Batting: RHB Oscar Ramirez 0-0: Called Strike
0-1: Ball
1-1: Ball
2-1: Swinging Strike
2-2: Strikes out swinging
Batting: LHB Randolph Brodbeck 0-0: SINGLE (Groundball, 4MD, EV 101.2 MPH)
Batting: RHB Eric Zylstra 0-0: Called Strike
0-1: Swinging Strike
0-2: Ball
1-2: Ball
2-2: Ball
3-2: Base on Balls
Randolph Brodbeck to second
Batting: SHB Tyler Maddux 0-0: Ball
1-0: Fly out, F9 (Flyball, 9D, EV 96.2 MPH)
Top of the 5th over - 1 run, 2 hits, 0 errors, 2 left on base; New Jersey 7 - Columbus 0
BOTTOM OF THE 5TH
Columbus Reds batting - Pitching for New Jersey Devils : RHP Dan Mathews
Batting: RHB Oscar Chapa 0-0: Ball
1-0: Ball
2-0: Foul Ball, location: 2F
2-1: Called Strike
2-2: Fly out, F8 (Flyball, 8RD, EV 103.1 MPH)
Batting: RHB Cornholdo Schwerin 0-0: Foul Ball, location: 2F
0-1: Ball
1-1: Ball
2-1: Swinging Strike
2-2: Fly out, F8 (Line Drive, 8RM, EV 94.4 MPH)
Batting: RHB Ernie Maldonado 0-0: Foul Ball, location: 2F
0-1: Swinging Strike
0-2: Ground out 4-3 (Groundball, 4, EV 86.2 MPH)
Bottom of the 5th over - 0 runs, 0 hits, 0 errors, 0 left on base; New Jersey 7 - Columbus 0
TOP OF THE 6TH
New Jersey Devils batting - Pitching for Columbus Reds : RHP Toyohiro Nakagawa
Batting: RHB Bill Crogan 0-0: Ball
1-0: Ball
2-0: Foul Ball, location: 2F
2-1: Swinging Strike
2-2: Ball
3-2: Strikes out looking
Pitching: RHP Aaron McArdle
Batting: LHB Lupe Garcia 0-0: Ball
1-0: Ball
2-0: Called Strike
2-1: Swinging Strike
2-2: Ball
3-2: Strikes out swinging
Batting: RHB Sergio Andrada 0-0: Called Strike
0-1: SINGLE (Line Drive, 8RS, EV 94.4 MPH)
Batting: SHB Ernesto Mazas 0-0: Ball
1-0: Called Strike
1-1: Foul Ball, location: 2F
1-2: Foul Ball, location: 2F
1-2: Foul Ball, location: 2F
1-2: Fielders Choice at 2nd, 6-4 (Groundball, 6, EV 101.9 MPH)
Top of the 6th over - 0 runs, 1 hit, 0 errors, 1 left on base; New Jersey 7 - Columbus 0
BOTTOM OF THE 6TH
Columbus Reds batting - Pitching for New Jersey Devils : RHP Dan Mathews
Batting: SHB Cesar Pelayo 0-0: Called Strike
0-1: Foul Ball, location: 2F
0-2: Ball
1-2: Foul Ball, location: 2F
1-2: Foul Ball, location: 2F
1-2: Ball
2-2: Strikes out swinging
Batting: RHB Randy Grewe 0-0: Foul Ball, location: 2F
0-1: Ball
1-1: Foul Ball, location: 2F
1-2: Foul Ball, location: 2F
1-2: Foul Ball, location: 2F
1-2: Ball
2-2: Foul Ball, location: 2F
2-2: Ball
3-2: SOLO HOME RUN (Flyball, 7LD, EV 92.5 MPH), Distance : 353 ft
Pitching: RHP Kyle Moser
Batting: RHB Alex Juarez 0-0: Called Strike
0-1: Ball
1-1: Ball
2-1: Called Strike
2-2: Fly out, F8 (Flyball, 8RM, EV 87.5 MPH)
Batting: RHB Aaron Barraza 0-0: Ball
1-0: Ball
2-0: Fly out, F9 (Flyball, 9, EV 88.1 MPH)
Bottom of the 6th over - 1 run, 1 hit, 0 errors, 0 left on base; New Jersey 7 - Columbus 1
TOP OF THE 7TH
New Jersey Devils batting - Pitching for Columbus Reds : RHP Aaron McArdle
Batting: RHB Craig Alvarado 0-0: Swinging Strike
0-1: Ball
1-1: Foul Ball, location: 2F
1-2: Ball
2-2: Ball
3-2: Strikes out swinging
Batting: RHB Oscar Ramirez 0-0: Called Strike
0-1: Ground out 6-3 (Groundball, 6, EV 80.6 MPH)
Batting: LHB Randolph Brodbeck 0-0: Ball
1-0: Ball
2-0: Ball
3-0: Base on Balls
Batting: RHB Eric Zylstra 0-0: Foul Ball, location: 2F
0-1: Ball
1-1: Ball
2-1: Foul Ball, location: 2F
2-2: Foul Ball, location: 2F
2-2: Strikes out swinging
Top of the 7th over - 0 runs, 0 hits, 0 errors, 1 left on base; New Jersey 7 - Columbus 1
BOTTOM OF THE 7TH
Columbus Reds batting - Pitching for New Jersey Devils : RHP Kyle Moser
Batting: RHB Ed Santibanez 0-0: Called Strike
0-1: Fly out, F9 (Flyball, 89D, EV 98.8 MPH)
Batting: LHB Mike Becerra 0-0: Called Strike
0-1: Ball
1-1: Ball
2-1: SINGLE (Groundball, 6MD, EV 94.4 MPH)
Pinch Hitting: RHB Ben Burkholder 0-0: Called Strike
0-1: Ball
1-1: Foul Ball, location: 2F
1-2: Foul Ball, location: 2F
1-2: Foul Ball, location: 2F
1-2: Foul Ball, location: 2F
1-2: Ball
2-2: Ball
3-2: Grounds into double play, 6-4-3 (Groundball, 6, EV 98.1 MPH)
Bottom of the 7th over - 0 runs, 1 hit, 0 errors, 0 left on base; New Jersey 7 - Columbus 1
TOP OF THE 8TH
New Jersey Devils batting - Pitching for Columbus Reds : RHP Aaron McArdle
Pitching: RHP Guang Jue
Now at SS: Ben Burkholder
Batting: SHB Tyler Maddux 0-0: SINGLE (Line Drive, 78S, EV 103.8 MPH)
Batting: RHB Bill Crogan 0-0: Called Strike
0-1: Called Strike
0-2: Strikes out swinging
Batting: LHB Lupe Garcia 0-0: Swinging Strike
0-1: Called Strike
0-2: Ball
1-2: Strikes out swinging
Batting: RHB Sergio Andrada 0-0: Called Strike
0-1: Called Strike
0-2: Foul Ball, location: 2F
0-2: Ball
1-2: Fly out, F8 (Flyball, 8LM, EV 93.8 MPH)
Top of the 8th over - 0 runs, 1 hit, 0 errors, 1 left on base; New Jersey 7 - Columbus 1
BOTTOM OF THE 8TH
Columbus Reds batting - Pitching for New Jersey Devils : RHP Kyle Moser
Pinch Hitting: LHB Tim Kirk 0-0: Called Strike
0-1: DOUBLE (Line Drive, 89D, EV 107.5 MPH)
Batting: RHB Ernie Maldonado 0-0: Called Strike
0-1: Ball
1-1: Swinging Strike
1-2: Ball
2-2: Fly out, F7 (Flyball, 78M, EV 98.1 MPH)
Lined into DP, 7-4 (Flyball, 78M, EV 98.1 MPH)
Batting: SHB Cesar Pelayo 0-0: Swinging Strike
0-1: Foul Ball, location: 2F
0-2: Strikes out swinging
Bottom of the 8th over - 0 runs, 1 hit, 0 errors, 0 left on base; New Jersey 7 - Columbus 1
TOP OF THE 9TH
New Jersey Devils batting - Pitching for Columbus Reds : RHP Guang Jue
Now in CF: Tim Kirk
Batting: SHB Ernesto Mazas 0-0: Ball
1-0: Ball
2-0: Ground out 1-3 (Groundball, 34S, EV 66.2 MPH)
Batting: RHB Craig Alvarado 0-0: Called Strike
0-1: SINGLE (Groundball, 56D, EV 102.5 MPH)
Pinch Hitting: SHB Alex Cavazos 0-0: Called Strike
0-1: Called Strike
0-2: Foul Ball, location: 2F
Balk!
Craig Alvarado to second
0-2: Ball
1-2: Foul Ball, location: 2F
1-2: SINGLE (Groundball, 4MD, EV 100.6 MPH)
Craig Alvarado to third
Runner from 3rd tries for Home, SAFE, throw by CF to home
Pitching: RHP Victor Uriegas
Pinch Hitting: RHB Isaiah Heath 0-0: Swinging Strike
0-1: Ball
1-1: Foul Ball, location: 2F
1-2: Strikes out swinging
Batting: RHB Eric Zylstra 0-0: Foul Ball, location: 2F
0-1: Ball
1-1: Foul Ball, location: 2F
1-2: Ball
2-2: Strikes out swinging
Top of the 9th over - 1 run, 2 hits, 0 errors, 1 left on base; New Jersey 8 - Columbus 1
BOTTOM OF THE 9TH
Columbus Reds batting - Pitching for New Jersey Devils : RHP Kyle Moser
Now at 1B: Isaiah Heath
Now at SS: Chris Graham
Now in CF: Sergio Andrada
Batting: RHB Randy Grewe 0-0: Called Strike
0-1: Ball
1-1: Foul Ball, location: 2F
1-2: Ball
2-2: Ball
3-2: Foul Ball, location: 2F
3-2: Foul Ball, location: 2F
3-2: Fly out, F6 (Flyball, 56D, EV 90.6 MPH)
Batting: RHB Alex Juarez 0-0: Ball
1-0: Ball
2-0: SINGLE (Line Drive, 4M, EV 98.1 MPH)
Pitching: RHP Justin Williams
Batting: RHB Aaron Barraza 0-0: Ball
1-0: Ball
2-0: Ball
3-0: Called Strike
3-1: Base on Balls
Alex Juarez to second
Batting: RHB Ed Santibanez 0-0: Called Strike
0-1: Ball
1-1: Ball
2-1: Called Strike
2-2: Ball
3-2: Base on Balls
Alex Juarez to third
Aaron Barraza to second
Pinch Hitting: RHB Kevin Larner 0-0: Called Strike
0-1: Fly out, F9 (Flyball, 9LSF, EV 85.6 MPH)
Batting: RHB Ben Burkholder 0-0: Ball
1-0: Called Strike
1-1: Foul Ball, location: 2F
1-2: Foul Ball, location: 2F
1-2: Fly out, F8 (Flyball, 8RD, EV 93.8 MPH)
Bottom of the 9th over - 0 runs, 1 hit, 0 errors, 3 left on base; New Jersey 8 - Columbus 1
Thursday, December 15th , 2022 - OOTP Baseball 23.9 Build 102